 Dungeon Crawl Stone Soup version 0.31-a0-841-g038b102fc3 (webtiles) character file.

Game seed: 3577423539921055438

10668 demibob the Grappler (level 11, -22/90 HPs)
             Began as a Pale Draconian Chaos Knight on Sept 27, 2023.
             Was a Plaything of Xom.
             Annihilated by a reaper
             ... wielding a +2 scythe of freezing
              (31 damage)
             ... in an ice cave.
             The game lasted 00:28:52 (9637 turns).

demibob the Grappler (Pale Draconian Chaos Knight)  Turns: 9637, Time: 00:28:53

Health: -22/90     AC: 10    Str: 15    XL:     11   Next: 39%
Magic:  11/11      EV: 12    Int: 13    God:    Xom [.....*]
Gold:   707        SH:  0    Dex: 14    Spells: 10/10 levels left

rFire   x .          .
                       - Unarmed
rCold   + + .        (no shield)
rNeg    . . .        (body armour unavailable)
rPois   .            (helmet restricted)
rElec   +            (no cloak)
rCorr   +            e - +0 pair of gloves
SInv    +            p - +1 pair of boots
Will    .....        f - amulet of regeneration
Stlth   +            R - ring of resist corrosion
HPRegen 1.95/turn    (no ring)
MPRegen 0.12/turn

%: no passive effects
@: mighty, short of breath, maw-form
A: devouring maw, breathe steam, AC +7, unfitting armour, cold-blooded, steam
resistance, horns 1, see invisible, cold resistance 2, regeneration 1, robust 1,
electricity resistance, heat vulnerability 1, subdued magic 1
a: Breathe Steam, Begin Untransformation, Renounce Religion


You were in an ice cave.
You worshipped Xom.
You were Xom's teddy bear.
You were a creature with a mouth for a stomach.
You visited 1 branch of the dungeon, and saw 13 of its levels.
You also visited: Ice Cave.

You collected 707 gold pieces.


Innate Abilities, Weirdness & Mutations

You are a creature with a mouth for a stomach.
Your midsection houses a second, enormous mouth.
You can breathe blasts of scalding, opaque steam.
Your pale cyan-grey scales are hard. (AC +7)
You cannot fit into any form of body armour.
You are cold-blooded and may be slowed by cold attacks.
You are immune to the effects of steam.
You have a pair of small horns on your head.
You have supernaturally acute eyesight. (SInv)
Your flesh is very cold resistant. (rC++)
Your natural rate of healing is unusually fast.
You are robust. (+10% HP)
You are resistant to electric shocks. (rElec)
You are vulnerable to heat. (rF-)
Your spells are a little easier to cast, but a little less powerful.


   Skills:
 - Level 3.2 Fighting
 - Level 2.1 Dodging
 + Level 13.4 Unarmed Combat
 + Level 11.4 Shapeshifting


You had 10 spell levels left.
You didn't know any spells.
Your spell library contained the following spells:

 Spells                   Type           Power      Damage    Failure   Level
 Kiss of Death            Conj/Necr      0%         2d5       26%         1
 Necrotise                Necr           0%         1d4       26%         1
 Summon Small Mammal      Summ           0%         N/A       26%         1
 Call Canine Familiar     Summ           0%         N/A       63%         3
 Confusing Touch          Hex            0%         N/A       63%         3
 Summon Guardian Golem    Hex/Summ       0%         N/A       63%         3
 Tukima's Dance           Hex            0%         N/A       63%         3
 Vampiric Draining        Necr           0%         2d6       63%         3
 Dimensional Bullseye     Hex/Tloc       0%         N/A       96%         4
 Dispel Undead            Necr           0%         3d6       96%         4
 Iskenderun's Mystic Bla  Conj/Tloc      0%         2d3       96%         4
 Olgreb's Toxic Radiance  Pois           0%         N/A       96%         4
 Agony                    Necr           0%         N/A       100%        5
 Discord                  Hex            0%         N/A       100%        8
 Ignition                 Fire           0%         3d3       100%        8

Inventory:

Missiles
 t - 3 curare-tipped darts {=f}
Armour
 e - a +0 pair of gloves (worn)
 p - a +1 pair of boots (worn)
Magical Staves
 E - a staff of air {!a}
Jewellery
 c - an amulet of magic regeneration
 f - an amulet of regeneration (around neck)
 I - a +6 ring of intelligence
 R - a ring of resist corrosion (left hand)
Talismans
 h - a serpent talisman
 m - a storm talisman
 B - a maw talisman (active)
Wands
 g - a wand of flame (51)
 j - a wand of paralysis (14)
 z - a wand of iceblast (7)
 F - a wand of digging (5)
Scrolls
 a - 2 scrolls of fog
 d - 3 scrolls of amnesia
 l - a scroll of identify {@r1}
 r - 2 scrolls of enchant weapon
 s - a scroll of immolation
 x - 2 scrolls of enchant armour
 y - a scroll of vulnerability
 G - a scroll of brand weapon
Potions
 b - a potion of resistance
 i - 2 potions of curing {@q1}
 k - a potion of lignification
 n - a potion of might
 q - 3 potions of ambrosia
 u - 2 potions of magic
 v - a potion of invisibility
 w - 2 potions of attraction
 A - a potion of degeneration {unknown}
 C - 2 potions of berserk rage {unknown}
 D - a potion of haste {unknown}

Dungeon Overview and Level Annotations

Branches:
Dungeon (13/15)            Temple (0/1) D:7            Lair (0/5) D:8
    Orc (0/2) D:12          IceCv (1/1)
 Vaults: D:13-14

Altars:
Elyvilon
Hepliaklqana
Makhleb
Uskayaw
Zin

Shops:
D:1 =   D:6 ([:

Portals:
Trove: D:11 (give robe of Vines)

Annotations:
D:8 2 transporters, Stellion's ghost, novice GnWr

#.## #..#
#####..# #..##
##.####.####.#
##..###..#
#)..##..#
#...#..##
#...##.##
##.....#
#......#
#.⌠..##
##.#..##
#...##
##.##### ##..#
#.##.## ##
####.#
##W#Z.#.#.#
##.#.##
##2#.2Z...##
#.#.##
#.#.ZZ.#$:#
##.##
####Z5.#$[#
### #.##=[#
##))!# #####


You could see a reaper.


Message History

Unknown command.
Okay, then.
Enter note: die here Unknown command.
You hit the reaper. Your headbutt misses the reaper. You bite the reaper.
The reaper is moderately wounded.
You punch the reaper! You headbutt the reaper!
Your tail-slap misses the reaper.
The reaper is heavily wounded.
The reaper hits you with a +2 scythe of freezing!!!
* * * LOW HITPOINT WARNING * * *
Xom is interested.
The reaper freezes you.
* * * LOW HITPOINT WARNING * * *
Press: ? - help, v - describe, . - travel
Here: a reaper, wielding a +2 scythe of freezing (heavily wounded)
The floor.
Unknown command.
Unknown command.
You hit the reaper. Your headbutt misses the reaper. You punch the reaper!
You bite the reaper.
The reaper is severely wounded.
The reaper hits you with a +2 scythe of freezing!
* * * LOW HITPOINT WARNING * * *
You closely miss the reaper.
Your tail-slap misses the reaper.
Your punch misses the reaper. Your bite misses the reaper.
The reaper is severely wounded.
The reaper hits you with a +2 scythe of freezing!!
You die...
Xom guffaws!

Skill      XL: |  1  2  3  4  5  6  7  8  9 10 11 |
---------------+----------------------------------+-----
Unarmed Combat | 4 5 6 7 9 11 12 13 | 13.4
Shapeshifting  | 1 2 3 5 7 9 10 11 | 11.4
Fighting       | |  3.2
Dodging        | |  2.1

Action                     |  1- 3 |  4- 6 |  7- 9 | 10-12 || total
---------------------------+-------+-------+-------+-------++-------
  Melee: Unarmed           |   107 |   160 |   203 |   255 ||   725
         Tailslap          |    11 |    21 |    24 |    38 ||    94
         Punch             |     3 |     6 |     6 |    33 ||    48
         Headbutt          |       |       |    21 |    57 ||    78
         Maw               |       |       |       |    59 ||    59
Ability: Breathe Steam     |       |       |    15 |    20 ||    35
  Evoke: Wand              |       |     6 |     3 |     3 ||    12
    Use: Scroll            |     7 |     5 |     6 |     6 ||    24
         Potion            |       |     1 |     4 |     3 ||     8
   Stab: Sleeping          |     2 |       |       |       ||     2
         Confused          |     1 |       |     2 |       ||     3
         Paralysed         |       |       |       |     8 ||     8
         Invisible         |       |       |       |     3 ||     3
 Armour: Skin              |    51 |    79 |   141 |   198 ||   469
  Dodge: Dodged            |    50 |    78 |   121 |   111 ||   360
         Form:             |       |       |       |     1 ||     1
         Anaconda          |       |       |       |     1 ||     1
         Maw               |       |       |       |     1 ||     1

Levels and vault maps discovered:
D:1:      scummos_arrival_gate, layout_basic, serial_shops, shop
D:2:      layout_loops_ring, basic_altar
D:3:      layout_basic, uniq_natasha
D:4:      layout_loops_ring
D:5:      layout_gridville, uniq_grinder, uniq_blork_the_orc
D:6:      layout_loops_ring, nicolae_overflow_hidden_temple, serial_shops,
          nicolae_shop_tiny_statue_garden, nicolae_shop_tiny_real_fake_doors,
          nicolae_shop_bloodbath_and_beyond, minivault_27, chequers_jeans
D:7:      layout_gridville, zin_academy, minmay_temple_entry_offerings,
          dreamdust_gnoll_shepherd
D:8:      wad_guarded_room, layout_basic, lair_entry_dummy,
          gammafunk_ghost_smash
D:9:      layout_long_grid, dancing_weapons_uskayaw, grunt_decor_one_mirror,
          minmay_orc_keep
D:10:     minmay_klotski, layout_gridville, lightli_temple_of_fire, uniq_sonja
D:11:     minmay_the_grid_3x2 [minmay_the_grid_large_cup,
          minmay_the_grid_embedded, minmay_the_grid_empty,
          minmay_the_grid_eight, minmay_the_grid_spin_star,
          minmay_the_grid_prize_diamond_cup], layout_basic, enter_trove_1
D:12:     layout_rooms, orc_0_dummy, serial_ice, serial_ice_n, serial_ice_o,
          serial_ice_b, serial_ice_i, portal_ice_cave_entry_pillars_2,
          serial_shops, shop, minmay_nine_imps
D:13:     layout_roguey, david_vaults_4, minmay_misc_feat_four_crosses,
          kennysheep_generic_room_14, uniq_frances, uniq_snorg
IceCv:    ice_cave_caverns_01

Notes
Turn   | Place    | Note
-------+----------+-------------------------------------------
     0 | D:1      | demibob the Draconian Chaos Knight began the quest for the
                  | Orb.
     0 | D:1      | Reached XP level 1. HP: 19/19 MP: 1/1
    24 | D:1      | XOM: silly message
   197 | D:1      | Found Cunteig's Jewellery Emporium.
   215 | D:1      | Reached XP level 2. HP: 21/26 MP: 2/2
   466 | D:1      | XOM is BORED!
   466 | D:1      | XOM: noise
   585 | D:1      | Reached skill level 4 in Unarmed Combat
   585 | D:1      | Reached XP level 3. HP: 19/31 MP: 3/3
   710 | D:1      | Identified a potion of resistance
   942 | D:2      | Reached skill level 1 in Shapeshifting
  1112 | D:2      | XOM: silly message
  1289 | D:2      | Found a hazy altar of Hepliaklqana.
  1557 | D:3      | XOM: divination: magic mapping
  1649 | D:3      | Noticed Natasha
  1656 | D:3      | XOM: confuse monster(s)
  1672 | D:3      | XOM: summons friendly ufetubus
  1673 | D:3      | Killed Natasha
  1674 | D:3      | Reached XP level 4. HP: 15/38 MP: 4/4
  1755 | D:3      | XOM: give mutations
  1755 | D:3      | Gained mutation: Your tail ends in a venomous barb. [Xom's
                  | grace]
  1755 | D:3      | Gained mutation: Your natural rate of healing is unusually
                  | fast. [Xom's grace]
  1755 | D:3      | Gained mutation: You are robust. (+10% HP) [Xom's grace]
  1794 | D:3      | Noticed Natasha
  1802 | D:3      | Killed Natasha
  1803 | D:3      | Reached skill level 5 in Unarmed Combat
  1995 | D:3      | XOM: 1-stop teleportation journey
  2404 | D:3      | Reached skill level 2 in Shapeshifting
  2404 | D:3      | Reached XP level 5. HP: 49/49 MP: 5/5
  2438 | D:3      | XOM is BORED!
  2592 | D:3      | XOM: divination: magic mapping
  2607 | D:3      | XOM: noise
  2767 | D:3      | Identified the +0 acid dragon scales of Inaction {rElec
                  | rCorr Dex+7 Stlth-}
  2845 | D:4      | XOM: smoke on damage
  2859 | D:4      | XOM: summons friendly crimson imp
  2946 | D:4      | Reached XP level 6. HP: 56/56 MP: 6/6
  2965 | D:4      | Reached skill level 6 in Unarmed Combat
  3058 | D:4      | XOM: 4-stop teleportation journey
  3402 | D:4      | XOM: give mutations
  3402 | D:4      | Gained mutation: Your flesh is cold resistant. (rC+) [Xom's
                  | grace]
  3402 | D:4      | Gained mutation: You have hidden genetic potential. [Xom's
                  | grace]
  3508 | D:5      | Entered Level 5 of the Dungeon
  3508 | D:5      | Noticed an orc warrior
  3587 | D:5      | Reached skill level 3 in Shapeshifting
  3591 | D:5      | XOM: silly message
  3714 | D:5      | Noticed a water moccasin
  3715 | D:5      | XOM: snakes to sticks
  3749 | D:5      | XOM: god gift: lumpy pink potion {god gift}
  3798 | D:5      | XOM: confusion (+ monsters)
  3814 | D:5      | Killed an orc warrior
  3815 | D:5      | Your scales start taking on a pale cyan-grey colour.
  3815 | D:5      | Reached XP level 7. HP: 62/62 MP: 7/7
  3815 | D:5      | Gained mutation: You are immune to the effects of steam.
                  | [Pale Draconian growth]
  3815 | D:5      | Noticed Grinder
  3816 | D:5      | Paralysed by Grinder for 2 turns
  3825 | D:5      | XOM: swap monsters
  3832 | D:5      | Killed Grinder
  3833 | D:5      | Reached skill level 7 in Unarmed Combat
  3833 | D:5      | Reached skill level 4 in Shapeshifting
  3845 | D:5      | Gained mutation: Your flesh is very cold resistant. (rC++)
                  | [hidden potential]
  4106 | D:5      | Noticed Blork the orc
  4117 | D:5      | Killed Blork the orc
  4464 | D:6      | Reached skill level 5 in Shapeshifting
  4466 | D:6      | XOM: noise
  4468 | D:6      | Reached XP level 8. HP: 59/69 MP: 8/8
  4472 | D:6      | XOM: noise
  4525 | D:6      | Reached skill level 8 in Unarmed Combat
  4593 | D:6      | XOM: 1-stop teleportation journey
  4643 | D:6      | XOM: silly message
  4657 | D:6      | XOM: summons friendly white imp
  4675 | D:6      | Found a white marble altar of Elyvilon.
  4679 | D:6      | Gained mutation: Your flesh is heat resistant. (rF+)
                  | [hidden potential]
  4679 | D:6      | Lost mutation: You have hidden genetic potential. [hidden
                  | potential expressed]
  4751 | D:6      | Reached skill level 6 in Shapeshifting
  4836 | D:6      | Found Souc Yst's Antique Armour Boutique.
  4836 | D:6      | XOM: give mutations
  4836 | D:6      | Lost mutation: Your tail ends in a venomous barb. [Xom's
                  | mischief]
  4836 | D:6      | Lost mutation: Your flesh is heat resistant. (rF+) [Xom's
                  | mischief]
  4836 | D:6      | Gained mutation: You are vulnerable to heat. (rF-) [Xom's
                  | mischief]
  4836 | D:6      | Gained mutation: Your spells are a little easier to cast,
                  | but a little less powerful. [Xom's mischief]
  4889 | D:6      | Found Hujiluf's Book Emporium.
  4895 | D:6      | Found Nuten's Weapon Boutique.
  4951 | D:6      | XOM: give mutations
  4951 | D:6      | Gained mutation: You are resistant to electric shocks.
                  | (rElec) [Xom's grace]
  4951 | D:6      | Gained mutation: You have a pair of small horns on your
                  | head. [Xom's grace]
  4951 | D:6      | Gained mutation: You have supernaturally acute eyesight.
                  | (SInv) [Xom's grace]
  5192 | D:7      | Found a staircase to the Ecumenical Temple.
  5200 | D:7      | Reached skill level 9 in Unarmed Combat
  5220 | D:7      | Found a glowing silver altar of Zin.
  5269 | D:7      | XOM: enchant monster (bad)
  5326 | D:7      | Reached skill level 7 in Shapeshifting
  5326 | D:7      | Reached XP level 9. HP: 77/77 MP: 9/9
  5344 | D:7      | XOM: cast spell 'Summon Hydra'
  5349 | D:7      | XOM: smoke on damage
  5458 | D:7      | XOM: confusion (+ monsters)
  5490 | D:7      | Reached skill level 10 in Unarmed Combat
  5849 | D:8      | Found a transporter.
  5849 | D:8      | Found a transporter.
  5850 | D:8      | Noticed Stellion's ghost (novice GnWr)
  5945 | D:8      | XOM: 4-stop teleportation journey
  5987 | D:8      | Found a staircase to the Lair.
  6042 | D:8      | Reached skill level 8 in Shapeshifting
  6071 | D:8      | XOM: divination: detect creatures
  6133 | D:8      | Noticed a four-headed hydra
  6133 | D:8      | Noticed an unseen horror
  6140 | D:8      | Killed a four-headed hydra
  6141 | D:8      | Reached skill level 11 in Unarmed Combat
  6141 | D:8      | Reached skill level 9 in Shapeshifting
  6141 | D:8      | Reached XP level 10. HP: 43/84 MP: 10/10
  6166 | D:8      | XOM: 2-stop teleportation journey
  6235 | D:8      | XOM: summons 2 friendly demons
  6369 | D:8      | XOM: god gift: scroll of enchant weapon
  7058 | D:9      | Reached skill level 12 in Unarmed Combat
  7143 | D:9      | Reached skill level 10 in Shapeshifting
  7292 | D:9      | Found a hide-covered altar of Uskayaw.
  7292 | D:9      | Noticed a +0 hand axe
  7292 | D:9      | Noticed a +0 hand axe
  7492 | D:10     | Entered Level 10 of the Dungeon
  7501 | D:10     | Identified the +6 flail "Loudol" {elec, +Blink MP-9 Str+7}
  7520 | D:10     | Noticed Sonja
  7527 | D:10     | Killed Sonja
  7691 | D:10     | Found a burning altar of Makhleb.
  7866 | D:10     | XOM: scenery: 2 doors close
  7958 | D:10     | Noticed a two-headed ogre
  7962 | D:10     | XOM: summons 3 friendly demons
  7965 | D:10     | Killed a two-headed ogre
  7966 | D:10     | Reached XP level 11. HP: 90/90 MP: 11/11
  8219 | D:10     | XOM: scenery: 1 doors close
  8283 | D:11     | XOM: summons friendly white imp
  8294 | D:11     | Found a portal to a secret trove of treasure.
  8533 | D:11     | You fall into a shaft and drop 2 floors!
  8577 | D:12     | Found a frozen archway.
  8588 | IceCv    | Entered an ice cave
  8650 | IceCv    | Reached skill level 13 in Unarmed Combat
  8787 | IceCv    | Reached skill level 11 in Shapeshifting
  8936 | IceCv    | Identified a +2 robe of resistance
  9086 | IceCv    | XOM: confuse monster(s)
  9091 | IceCv    | XOM: scenery: create altars
  9181 | IceCv    | XOM: 4-stop teleportation journey
  9553 | IceCv    | XOM: god gift: 50 gold pieces
  9569 | IceCv    | XOM: butterfly on damage
  9569 | IceCv    | XOM: smoke on damage
  9624 | IceCv    | Noticed a reaper
  9634 | IceCv    | >>die here
  9636 | IceCv    | HP: 8/90 [reaper/+2 scythe of freezing (8)]
  9637 | IceCv    | Annihilated by a reaper

Vanquished Creatures
  A hydra (D:8)
  A two-headed ogre (D:10)
  Sonja (D:10)
  An ice statue (IceCv)
  2 unseen horrors
  An anaconda simulacrum (IceCv)
  An ice devil (IceCv)
  Grinder (D:5)
  A hornet (D:9)
  2 dream sheep (D:7)
  2 dire elephant simulacra (IceCv)
  A wraith (D:12)
  4 yaks (D:11)
  3 steam dragons
  A harpy simulacrum (IceCv)
  2 death yak simulacra (IceCv)
  A water moccasin (D:8)
  6 orc warriors
  4 sky beasts
  2 black bears (D:7)
  2 ogres
  2 centaurs
  A phantom (D:6)
  3 kobold brigands
  4 bullfrogs
  Blork the orc (D:5)
  3 two-headed ogre simulacra (IceCv)
  A cane toad simulacrum (IceCv)
  2 scorpions
  8 wights
  2 elephant simulacra (IceCv)
  12 killer bees
  A howler monkey (D:8)
  2 hounds
  2 gnoll boudas
  3 orc priests
  5 iguanas
  2 sleepcaps
  12 orc wizards
  2 spriggan simulacra (IceCv)
  Natasha (D:3)
  10 troll simulacra (IceCv)
  6 gnolls
  7 adders
  4 naga simulacra (IceCv)
  2 shadow imps
  10 white imps
  8 ufetubi
  A worm (D:3)
  A dart slug (D:2)
  29 orcs
  6 endoplasms
  3 giant cockroaches
  13 goblins
  5 hobgoblins
  2 jackals (D:5)
  16 kobolds
  2 quokkas
  4 ball pythons
  3 bats
  A frilled lizard (D:3)
  8 rats
250 creatures vanquished.

Vanquished Creatures (collateral kills)
  3 killer bees (D:7)
  Natasha (D:3)
  A gnoll (D:7)
  A dart slug (D:3)
  An orc (D:3)
  A ball python (D:4)
8 creatures vanquished.

Grand Total: 258 creatures vanquished

Table legend: (Time is in decaauts)
 A = Elapsed time spent in this place.
 B = Non-inter-level travel time spent in this place.
 C = Inter-level travel time spent in this place.
 D = Time resting spent in this place.
 E = Time spent auto-exploring this place.
 F = Levels seen in this place.
 G = Mean time per level.
                   A        B        C        D        E       F      G
               +--------+--------+--------+--------+--------+-----+--------+
         Total |   9530 |   9126 |    404 |    831 |   6343 |  14 |  680.7 |
       Dungeon |   8509 |   8105 |    404 |    382 |   6156 |  13 |  654.5 |
      Ice Cave |   1021 |   1021 |      0 |    448 |    187 |   1 | 1021.0 |
               +--------+--------+--------+--------+--------+-----+--------+

Top non-repeatable levels by time:
     D:3: 1176 daAuts
   IceCv: 1021 daAuts
     D:8: 932 daAuts
     D:2: 861 daAuts
     D:5: 800 daAuts
     D:4: 791 daAuts
     D:9: 786 daAuts
    D:10: 765 daAuts
     D:1: 728 daAuts
     D:6: 713 daAuts
     D:7: 626 daAuts
    D:11: 270 daAuts
    D:12: 32 daAuts
    D:13: 22 daAuts

Table legend:
 A = Non-vault XP
 B = Vault XP
 C = Vault XP percentage of total XP
 D = Non-vault monster count
 E = Vault monster count
 F = Vault count percentage of total count
                 A         B        C        D         E       F
            +---------+---------+-------+---------+---------+-------
      Total |    7458 |    7782 |  51.1 |     182 |      76 |  29.5
            +---------+---------+-------+---------+---------+-------
        D:1 |      42 |       0 |   0.0 |      18 |       0 |   0.0
        D:2 |      47 |       0 |   0.0 |      12 |       0 |   0.0
        D:3 |     177 |      35 |  16.5 |      29 |       1 |   3.3
        D:4 |     221 |       0 |   0.0 |      19 |       0 |   0.0
        D:5 |     408 |     380 |  48.2 |      13 |       2 |  13.3
        D:6 |     761 |       0 |   0.0 |      19 |       0 |   0.0
        D:7 |    1237 |     550 |  30.8 |      18 |       3 |  14.3
        D:8 |     643 |    2503 |  79.6 |      19 |      17 |  47.2
        D:9 |    1436 |     389 |  21.3 |      18 |       9 |  33.3
       D:10 |    1379 |     778 |  36.1 |       6 |       1 |  14.3
       D:11 |     905 |       0 |   0.0 |      10 |       0 |   0.0
       D:12 |     202 |       0 |   0.0 |       1 |       0 |   0.0
      IceCv |       0 |    3147 | 100.0 |       0 |      43 | 100.0
            +---------+---------+-------+---------+---------+-------
